 Dungeon Crawl Stone Soup version 0.19.0 (webtiles) character file.

10624 PurpleRed the Cleaver (level 11, -4/92 HPs)
             Began as a Formicid Fighter on Nov 11, 2016.
             Was a High Priest of Okawaru.
             Slain by Gastronok (29 damage)
             ... on level 10 of the Dungeon.
             The game lasted 00:23:35 (12784 turns).

PurpleRed the Cleaver (Formicid Fighter)           Turns: 12784, Time: 00:23:36

Health: -4/92      AC: 21    Str: 33    XL:     11   Next: 96%
Magic:  9/11       EV: 10    Int: 10    God:    Okawaru [*****.]
Gold:   325        SH: 15    Dex: 10    Spells: 0 memorised, 10 levels left

rFire  . . .     SeeInvis +     i - +1 war axe
rCold  . . .     Gourm    .     r - +0 plate armour
rNeg   . . .     Faith    .     e - +2 shield
rPois  .         Spirit   .     (helmet unavailable)
rElec  .         Reflect  .     k - +0 cloak
rCorr  .         Harm     .     K - +2 pair of gloves of Jyum {Str+4 Int+2}
MR     ++...                    (no boots)
Stlth  ..........               (no amulet)
                                d - +5 ring of strength
                                n - ring of protection from magic

@: heroism
A: permanent stasis, dig shafts and tunnels, four strong arms, antennae 3
a: Dig, Shaft Self, Heroism, Finesse, Renounce Religion


You were on level 10 of the Dungeon.
You worshipped Okawaru.
Okawaru was extremely pleased with you.
You were hungry.

You visited 1 branch of the dungeon, and saw 10 of its levels.
You also visited: Ossuary.

You collected 632 gold pieces.
You spent 307 gold pieces at shops.

Inventory:

Hand Weapons
 i - a +1 war axe (weapon)
 m - a +0 dire flail of venom
 u - a +1 flail of protection
 z - a +0 blowgun
 F - a +0 battleaxe
 O - a +0 hand axe of electrocution
Missiles
 p - 8 javelins (quivered)
 I - 2 throwing nets
 J - 8 curare-tipped needles
Armour
 e - a +2 shield (worn)
 k - a +0 cloak (worn)
 r - a +0 plate armour (worn)
 K - the +2 pair of gloves of Jyum (worn) {Str+4 Int+2}
   (You bought it in a shop on level 8 of the Dungeon)

   It affects your strength (+4).
   It affects your intelligence (+2).
Jewellery
 d - a +5 ring of strength (right hand)
 n - a ring of protection from magic (left hand)
 x - an uncursed ring of resist corrosion
Wands
 a - a wand of digging (15/24)
 b - a wand of random effects (33/48)
 y - a wand of slowing (15/48)
 L - a wand of digging (13/24)
 N - a wand of hasting (5/9)
 P - a wand of paralysis (5/24)
Scrolls
 g - a scroll of recharging
 j - 2 scrolls of remove curse
 o - a scroll of magic mapping
 t - 4 scrolls of fog
 v - 2 scrolls of fear
 B - 2 scrolls of amnesia
 H - a scroll of enchant weapon
Potions
 h - 6 potions of flight
 l - 3 potions of curing
 w - a potion of magic
 A - a potion of ambrosia
 C - a potion of cure mutation
 D - a potion of might
 E - a potion of lignification
 G - a potion of invisibility
Books
 s - a book of Necromancy

   Spells                             Type                      Level
   a - Pain                           Necromancy                   1
   b - Animate Skeleton               Necromancy                   1
   c - Vampiric Draining              Necromancy                   3
   d - Regeneration                   Charms/Necromancy            3
   e - Animate Dead                   Necromancy                   4
   f - Control Undead                 Necromancy                   4
Comestibles
 c - 3 slices of pizza
 f - 6 bread rations
 q - 8 beef jerkies
 M - a meat ration


   Skills:
 + Level 10.6(15.6) Fighting
 * Level 12.8(17.8) Axes
 - Level 8.7(13.7) Armour
 + Level 6.4(11.4) Shields


You had 10 spell levels left.
You didn't know any spells.

Dungeon Overview and Level Annotations

Branches:
Dungeon (10/15)            Temple (0/1) D:7
   Lair: D:8-11         Orc: D:9-12

Altars:
Ashenzari
Okawaru

Shops:
D:5 [   D:8 [(=?   D:10 }

Annotations:
D:10 Gastronok


Innate Abilities, Weirdness & Mutations

You are under a permanent stasis effect.
You can dig through walls and to a lower floor.
Your four strong arms can wield two-handed weapons with a shield.
You have a pair of large antennae on your head. (SInv)


Message History

You completely miss Gastronok.
Gastronok is moderately wounded.
You block the bat's attack.
Gastronok waves his eye-stalks in wide circles.
The air twists around and strikes you!
* * * LOW HITPOINT WARNING * * *
You hit Gastronok but do no damage.
Gastronok is moderately wounded.
You hit the bat.
You kill the bat!
The bat's corpse disappears in a puff of smoke!
You hit Gastronok but do no damage.
Gastronok is moderately wounded.
You slash the rat!
You kill the rat!
The rat's corpse disappears in a puff of smoke!
You slash Gastronok!
Gastronok is moderately wounded.
Gastronok bites you!!
You die...

..## ###....## ..#
#.......# ### #..#.#..##
## #.#.).#..# .#
#...∩....########
.#####.#...#†........##
...##...#.#...........##
................§§.....#
#.......).......@w....#
####........####......#
##.....### #####..#
##..### .# ####


You could see Gastronok.

Vanquished Creatures
  Erica (D:8)
  Sonja (D:10)
  An unseen horror (D:10)
  Joseph (D:7)
  A gargoyle (D:10)
  A troll (D:9)
  The ghost of PurpleRed the Chopper, an amateur FoFi (D:4)
  2 hippogriffs
  11 yaks (D:10)
  A hungry ghost (D:9)
  The ghost of Oroborous the Skirmisher, an amateur GrMo (D:3)
  Edmund (D:6)
  2 orc warriors
  2 ice beasts
  3 sky beasts
  2 phantoms
  A black bear (D:7)
  4 ogres
  3 centaurs
  A necrophage (D:6)
  3 big kobolds (D:6)
  4 bullfrogs
  A water moccasin zombie (D:6)
  A wyvern zombie (D:9)
  12 scorpions
  9 wights
  3 howler monkeys (D:7)
  2 electric eels (D:6)
  A crimson imp (D:6)
  2 centaur zombies
  3 jellies
  9 orc priests
  6 centaur skeletons
  10 hounds
  A human zombie (Ossuary)
  A gnoll shaman (D:3)
  3 bullfrog skeletons
  An iguana (D:8)
  8 orc wizards
  6 worker ants
  3 big kobold zombies (Ossuary)
  4 mummies
  Robin (D:4)
  13 adders
  30 gnolls
  2 scorpion zombies (Ossuary)
  3 shadow imps
  2 adder skeletons
  9 worms
  6 dart slugs
  5 leopard geckos
  31 orcs
  9 giant cockroaches
  47 goblins
  26 hobgoblins
  20 jackals
  6 kobolds
  6 quokkas
  A ball python (D:2)
  8 bats
  2 frilled lizards (D:1)
  3 gnoll zombies (Ossuary)
  2 goblin zombies
  2 hobgoblin zombies (Ossuary)
  2 kobold zombies (Ossuary)
  5 orc zombies
  A quokka skeleton (D:4)
  A quokka zombie (D:5)
  7 rats
384 creatures vanquished.

Vanquished Creatures (others)
  A gnoll zombie (Ossuary)
1 creature vanquished.

Grand Total: 385 creatures vanquished

Notes
Turn   | Place    | Note
-------+----------+-------------------------------------------
     0 | D:1      | PurpleRed the Formicid Fighter began the quest for the Orb.
     0 | D:1      | Reached XP level 1. HP: 18/18 MP: 1/1
    46 | D:1      | Reached XP level 2. HP: 17/24 MP: 2/2
   192 | D:1      | Reached XP level 3. HP: 26/30 MP: 3/3
   265 | D:1      | Reached skill level 3 in Axes
   966 | D:2      | Reached XP level 4. HP: 36/37 MP: 4/4
  1454 | D:2      | Reached XP level 5. HP: 40/43 MP: 5/5
  1457 | D:2      | Reached skill level 4 in Axes
  1710 | D:2      | Found an iron altar of Okawaru.
  1740 | D:2      | Became a worshipper of Warmaster Okawaru
  2256 | D:3      | Reached XP level 6. HP: 49/49 MP: 6/6
  2374 | D:3      | Noticed Oroborous's ghost (amateur GrMo)
  2648 | D:3      | Killed Oroborous's ghost
  2648 | D:3      | Reached * piety under Okawaru
  2648 | D:3      | Reached skill level 5 in Fighting
  2648 | D:3      | Reached skill level 5 in Axes
  2953 | D:3      | Reached XP level 7. HP: 47/56 MP: 7/7
  3967 | D:4      | Reached skill level 6 in Axes
  4505 | D:4      | Noticed Robin
  4514 | D:4      | Reached XP level 8. HP: 64/64 MP: 8/8
  4551 | D:4      | Killed Robin
  4726 | D:4      | Noticed PurpleRed's ghost (amateur FoFi)
  5177 | D:4      | Killed PurpleRed's ghost
  5177 | D:4      | Reached ** piety under Okawaru
  5177 | D:4      | Reached skill level 7 in Axes
  5177 | D:4      | Reached skill level 5 in Armour
  5394 | D:5      | Entered Level 5 of the Dungeon
  5702 | D:5      | Found Wusurch's Armour Boutique.
  6033 | D:5      | You fall through a shaft for 3 floors!
  6033 | D:8      | Noticed Erica
  6046 | D:8      | Killed Erica
  6046 | D:8      | Reached *** piety under Okawaru
  6046 | D:8      | Reached **** piety under Okawaru
  6046 | D:8      | Reached skill level 8 in Axes
  6046 | D:8      | Reached XP level 9. HP: 41/72 MP: 7/9
  6141 | D:7      | Found a staircase to the Ecumenical Temple.
  6250 | D:7      | Reached skill level 9 in Axes
  6355 | D:7      | Found a sand-covered staircase.
  6362 | Ossuary  | Entered an ossuary
  6661 | Ossuary  | Reached XP level 10. HP: 74/80 MP: 10/10
  6939 | D:7      | Reached skill level 10 in Axes
  7245 | D:7      | Noticed Joseph
  7282 | D:7      | Killed Joseph
  7682 | D:6      | Noticed Edmund
  7688 | D:6      | Killed Edmund
  8100 | D:6      | Found a shattered altar of Ashenzari.
  9628 | D:7      | Reached skill level 11 in Axes
 10289 | D:8      | Reached ***** piety under Okawaru
 10289 | D:8      | Reached XP level 11. HP: 85/89 MP: 11/11
 10296 | D:8      | Found Jeimir's Magic Scroll Boutique.
 10299 | D:8      | Bought a scroll of identify for 20 gold pieces
 10302 | D:8      | Bought a scroll of identify for 20 gold pieces
 10303 | D:8      | Bought a scroll of identify for 20 gold pieces
 10311 | D:8      | Found Yrovuon's Jewellery Shop.
 10830 | D:8      | Found Wiguf's Antique Armour Shoppe.
 10832 | D:8      | Found Zihefaa's Weapon Shoppe.
 10856 | D:8      | Bought a pair of bloodstained gloves for 247 gold pieces
 10866 | D:8      | Identified the +2 pair of gloves of Jyum {Str+4 Int+2} (You bought it in a shop on level 8 of the Dungeon)
 12021 | D:9      | Reached skill level 12 in Axes
 12021 | D:9      | Reached skill level 5 in Shields
 12072 | D:10     | Entered Level 10 of the Dungeon
 12084 | D:10     | Reached skill level 10 in Fighting
 12112 | D:10     | Noticed Gastronok
 12316 | D:10     | Noticed Sonja
 12344 | D:10     | Killed Sonja
 12392 | D:10     | Noticed an unseen horror
 12405 | D:10     | Killed an unseen horror
 12513 | D:10     | Received a gift from Okawaru
 12757 | D:10     | Found Jeesm's Quality Used Wands.
 12784 | D:10     | Slain by Gastronok

Skill      XL: |  1  2  3  4  5  6  7  8  9 10 11 |
---------------+----------------------------------+-----
Axes           | 3 4 5 6 8 9 11 12 | 12.8
Fighting       | 4 5 7 8 9 10 | 10.6
Armour         | 4 6 7 8 |  8.7
Shields        | 6 |  6.4

Action                   |  1- 3 |  4- 6 |  7- 9 | 10-12 || total
-------------------------+-------+-------+-------+-------++-------
Melee: War axe           |   111 |   191 |   427 |   634 ||  1363
Throw: Javelin           |       |       |       |     2 ||     2
Invok: Heroism           |       |       |     2 |     6 ||     8
Evoke: Wand              |       |       |       |     2 ||     2
  Use: Scroll            |     3 |       |     1 |    19 ||    23
       Potion            |       |     1 |     1 |     1 ||     3
 Stab: Paralysed         |       |       |       |     2 ||     2
  Eat: Chunk             |       |     7 |    10 |    19 ||    36
       Beef jerky        |       |       |     1 |     1 ||     2
       Royal jelly       |       |       |       |     1 ||     1
Armor: Scale mail        |    57 |    16 |       |       ||    73
       Plate armour      |       |    82 |   199 |   276 ||   557
Dodge: Dodged            |    46 |    57 |    71 |   123 ||   297
Block: Shield            |    87 |   137 |   248 |   353 ||   825
